[Event "Early-Titled-Tuesday-Blitz-February-13-2024"]
[Site "Chess.com"]
[Date "2024.02.13"]
[Round "6"]
[White "banhgiahuy2606"]
[Black "Jaka_Brilej"]
[Result "1/2-1/2"]
[WhiteElo "2693"]
[BlackElo "2543"]
[TimeControl "180+1"]
[EndTime "9:10:07 PST"]
[Termination "Game drawn by agreement"]

1. c4 Nf6 2. Nf3 g6 3. Nc3 Bg7 4. e4 d6 5. d4 O-O 6. Be2 Nbd7 7. O-O e5 8. Re1 a6 9. dxe5 Nxe5 10. Nxe5 dxe5 11. Qc2 c6 12. c5 Be6 13. Be3 Qc7 14.
b4 Rad8 15. Rad1 Ng4 16. Bxg4 Bxg4 17. f3 Be6 18. a4 Rxd1 19. Rxd1 Rd8 20. Rd2 Bf8 21. Qd1 Be7 22. Rxd8+ Qxd8 23. Qxd8+ Bxd8 24. Kf2 Bc4 25. a5 f5 26. Ke1 Kf7 27. Kd2 Bf1 28. g3 Ke6 29. Nd1 Bg2 30. exf5+ Kxf5 31. Ke2 e4 32.
fxe4+ Bxe4 33. Bd4 Bd5 34. Nf2 h5 35. Ke3 Bg5+ 36.
Kd3 h4 37. g4+ Ke6 38. Be3 Bf6 39. Bd4 Be7 40. Ne4 Ba2 41. h3 Bb1+ 42. Ke3 Bc2 43. Nd6 Bxd6 44. cxd6 Kxd6 45. Kf4 Ke6 46. Kg5 Kf7 47.
Kxh4 Bd3 48. Kg5 Bf1 49. h4 Be2 50. h5 gxh5 51. gxh5 Kg8 52. Kg6 Bd3+ 53. Kf6 c5 54. Bxc5 Be4 55. Ke7 Kh7 56. Be3 Bc6 57. h6 Bf3 58.
Kd6 Bh1 59. Kc7 Bg2 60. Kb6 Bh1 1/2-1/2

[Event "Early-Titled-Tuesday-Blitz-February-13-2024"]
[Site "Chess.com"]
[Date "2024.02.13"]
[Round "6"]
[White "bilosuvenosu06"]
[Black "only_strong_moves"]
[Result "1-0"]
[WhiteElo "2544"]
[BlackElo "2678"]
[TimeControl "180+1"]
[EndTime "9:10:07 PST"]
[Termination "bilosuvenosu06 won by checkmate"]

1. d4 Nf6 2. c4 e6 3. Nc3 d5 4.
Bg5 a6 5. cxd5 exd5 6. Nf3 Be6 7. e3 Nbd7 8. Bd3 Bd6 9. O-O O-O 10. Rc1 h6 11. Bf4 Bxf4 12. exf4 Bg4 13. h3 Bxf3 14. Qxf3 c6 15. Na4 Re8 16. b4 Nf8 17. Rfe1 Ne6 18.
Qe3 Nc5 19. Nxc5 Rxe3 20. fxe3 Qe7 21. a4 Ne8 22. Re2 Nd6 23. a5 Kh8 24. Rf1 Re8 25. Rf3 Rg8 26. g4 f5 27. Rg3 g5 28. gxf5 Qf6 29.
Nd7 Qd8 30. Ne5 gxf4 31. Ng6+ Kh7 32. exf4 Qf6 33. Re5 Nf7 34. Kf2 h5 35. Ke3 Kh6 36. Re6 Qd8 37. Ne7+ Kh7 38. Nxg8 Qh4 39. Reg6 c5 40.
Nf6+ Kh8 41. Rg8# 1-0

[Event "Early-Titled-Tuesday-Blitz-February-13-2024"]
[Site "Chess.com"]
[Date "2024.02.13"]
[Round "6"]
[White "giovannibrandao7"]
[Black "secrethawk1"]
[Result "1-0"]
[WhiteElo "2263"]
[BlackElo "2475"]
[TimeControl "180+1"]
[EndTime "9:10:07 PST"]
[Termination "giovannibrandao7 won by resignation"]

1. e4 e6 2. d4 d5 3. Nd2 dxe4 4. Nxe4 Nf6 5. Bg5 Be7 6. Bxf6 Bxf6 7. Nf3 O-O 8. c3 b6 9. Bd3 Bb7 10. O-O Nd7 11.
Qe2 Rc8 12. Rad1 a5 13. Rfe1 Qe7 14. a3 Rfd8 15. c4 Nf8 16. Nxf6+ Qxf6 17. Be4 Bxe4 18. Qxe4 Nd7 19. Ne5 Nxe5 20. dxe5 Qe7 21. Qc6 h6 22. g3 Kf8 23. Kg2 g6 24. h4 h5 25. f3 Kg7 26.
Qe4 c5 27. Qf4 Kg8 28. Kh3 Rd7 29. Rd6 Rxd6 30. exd6 Qd7 31. Qe5 Rf8 32. g4 hxg4+ 33. fxg4 f5 34. Qxe6+ Qxe6 35. Rxe6 fxg4+ 36. Kxg4 Rd8 37. Rxg6+ Kf7 38. h5 Rd7 39. Kf5 b5 40. h6 Kf8 41. Ke6 Rh7 42. d7 Rxd7 1-0

[Event "Early-Titled-Tuesday-Blitz-February-13-2024"]
[Site "Chess.com"]
[Date "2024.02.13"]
[Round "6"]
[White "JG-17"]
[Black "UnTucopalaTimba"]
[Result "1-0"]
[WhiteElo "2468"]
[BlackElo "1984"]
[TimeControl "180+1"]
[EndTime "9:10:07 PST"]
[Termination "JG-17 won by resignation"]

1. d4 Nf6 2. Nf3 e6 3. c4 d5 4. Nc3 Bb4 5. cxd5 exd5 6. e3 O-O 7. Bd3 Bg4 8. O-O c6 9. Bd2 Nbd7 10. h3 Bh5 11. a3 Ba5 12. b4 Bc7 13. Be2 Re8 14.
Nh2 Bxh2+ 15. Kxh2 Qc7+ 16. Kg1 Bxe2 17. Nxe2 Ne4 18.
Rc1 Ndf6 19. Be1 Qe7 20. f3 Nd6 21. Bf2 Nc4 22. e4 Nxa3 23. e5 Nd7 24. f4 Nc4 25. f5 Qg5 26. g4 h5 27. Ng3 h4 28. Nh1 a5 29. Qe1 axb4 30. Bxh4 Qe3+ 31. Qxe3 Nxe3 32.
Rf3 Nc4 33. Rb3 Ra2 34. Rxb4 b5 35. Nf2 Rea8 36. e6 fxe6 37. fxe6 Nf6 38. g5 Ne4 39. Nxe4 dxe4 40. Re1 e3 41. g6 Rd2 42. e7 Rxd4 43.
Rxe3 Nxe3 44. Rxd4 Ra1+ 45. Kf2 1-0

[Event "Early-Titled-Tuesday-Blitz-February-13-2024"]
[Site "Chess.com"]
[Date "2024.02.13"]
[Round "6"]
[White "Onischuk_V"]
[Black "Nouali_Mohamed"]
[Result "1-0"]
[WhiteElo "2794"]
[BlackElo "2557"]
[TimeControl "180+1"]
[EndTime "9:10:10 PST"]
[Termination "Onischuk_V won on time"]

1. e4 c5 2. Nf3 Nc6 3. Bb5 Qc7 4. O-O e6 5. Re1 a6 6. Bf1 Nf6 7. c3 b5 8. d4 cxd4 9. cxd4 Bb7 10. Bg5 h6 11. Bh4 Be7 12. Bg3 d6 13. d5 Ne5 14.
Nxe5 dxe5 15. dxe6 fxe6 16. a4 O-O 17. axb5 axb5 18.
Rxa8 Bxa8 19. Nd2 Bb4 20. Re3 Rd8 21. Rd3 Rxd3 22. Bxd3 Qd6 23. Nf3 Bxe4 24. Nxe5 Qd5 25. f3 Bc5+ 26. Kh1 Bf5 27. Qe2 Qd4 28. Qf1 Nh5 29. Bxf5 exf5 30. Nd3 Nxg3+ 31. hxg3 Bd6 32. Qe2 Kh7 33. g4 fxg4 34. fxg4 Qxg4 35. Qxg4 1-0

[Event "Early-Titled-Tuesday-Blitz-February-13-2024"]
[Site "Chess.com"]
[Date "2024.02.13"]
[Round "6"]
[White "Timerkhanov"]
[Black "Irishchessman16"]
[Result "0-1"]
[WhiteElo "2650"]
[BlackElo "2536"]
[TimeControl "180+1"]
[EndTime "9:10:10 PST"]
[Termination "Irishchessman16 won by resignation"]

1. d4 Nf6 2. Bg5 c5 3. d5 d6 4. Nc3 g6 5. e4 Bg7 6. Qd2 O-O 7. Bh6 Bxh6 8. Qxh6 e6 9. dxe6 fxe6 10. f3 Nc6 11.
O-O-O Qe7 12. Nh3 Nd4 13. Ng5 Qg7 14. Qxg7+ Kxg7 15. Ne2 e5 16. c3 Nxe2+ 17. Bxe2 h6 18. Nh3 Bxh3 19. gxh3 Rad8 20. Rd2 d5 21. exd5 Ne8 22. c4 Nd6 23. b3 Rf4 24. Bd1 Rh4 25. Re1 Kf6 26. Rde2 Re8 27. Bc2 g5 28. Re3 Rxh3 29.
f4 Rxe3 30. fxg5+ hxg5 31. Rxe3 e4 32. Kd2 Ke5 33. Rg3 Kf4 34. Bd1 e3+ 35. Kd3 Ne4 36.
Rg4+ Kf5 37. Rg2 Nf2+ 38. Ke2 Nxd1 39. Kxd1 Kf4 40. Ke2 g4 41. Rg3 Rh8 42. Rxe3 Rxh2+ 43. Kd3 Rh3 0-1

[Event "Early-Titled-Tuesday-Blitz-February-13-2024"]
[Site "Chess.com"]
[Date "2024.02.13"]
[Round "6"]
[White "RamonManon0g"]
[Black "Austen48"]
[Result "0-1"]
[WhiteElo "2381"]
[BlackElo "2247"]
[TimeControl "180+1"]
[EndTime "9:10:10 PST"]
[Termination "Austen48 won by checkmate"]

1. e4 c5 2. Nf3 e6 3. g3 Nc6 4.
Bg2 d6 5. O-O g6 6. c3 Bg7 7. d4 cxd4 8. cxd4 Nge7 9. d5 Ne5 10.
Nxe5 Bxe5 11. Nc3 O-O 12. Bh6 Bg7 13. Bxg7 Kxg7 14. dxe6 fxe6 15. Nb5 d5 16. Qd4+ Kg8 17. Nxa7 e5 18. Qa4 Qb6 19. Nxc8 Rfxc8 20. Qd7 Rc7 21. Qg4 d4 22. b3 Rc2 23. a4 Rac8 24. a5 Qxb3 25.
Rab1 Qf7 26. Rxb7 R8c7 27. a6 Kg7 28. a7 Rxb7 29. a8=Q Rbb2 30. Qa5 Nc6 31. Qe1 d3 32. Bf3 h5 33. Qg5 Qxf3 34. Qge3 Qf7 35. Qxd3 Nd4 36.
Qee3 Ne2+ 37. Kg2 Nd4 38. Qg5 Rxf2+ 39. Kg1 Qf3 40. Qxe5+ Kh6 41. Qxf3 Nxf3+ 42. Kh1 Rxh2# 0-1

[Event "Early-Titled-Tuesday-Blitz-February-13-2024"]
[Site "Chess.com"]
[Date "2024.02.13"]
[Round "6"]
[White "Antipov_Mikhail_Al"]
[Black "FontVella8"]
[Result "1-0"]
[WhiteElo "2946"]
[BlackElo "2726"]
[TimeControl "180+1"]
[EndTime "9:10:11 PST"]
[Termination "Antipov_Mikhail_Al won by resignation"]

1. e4 c6 2. d4 d5 3. exd5 cxd5 4.
Bd3 Nf6 5. h3 Nc6 6. c3 g6 7.
Nf3 Bf5 8. Bb5 Qc7 9. O-O e6 10. Re1 Bd6 11. Bh6 Rg8 12. Ng5 O-O-O 13. Nd2 Bf8 14.
Bxf8 Rdxf8 15. g4 h5 16. gxf5 gxf5 17. h4 Qf4 18. Nf3 Ne4 19. Kf1 f6 20. Nxe6 Qg4 21.
Bxc6 Qg2+ 22. Ke2 Rg3 23. Bxb7+ Kb8 24. Rf1 Rxf3 25. Bxd5 Rxf2+ 26. Rxf2 Qxf2+ 27. Kd3 Qg3+ 28. Kc2 Rc8 29. Rc1 Qf2+ 30. Kb1 Nd2+ 31. Ka1 a6 32. Qa4 Qe3 33. Qb4+ 1-0

[Event "Early-Titled-Tuesday-Blitz-February-13-2024"]
[Site "Chess.com"]
[Date "2024.02.13"]
[Round "6"]
[White "Blitzking642"]
[Black "arctic_t00"]
[Result "0-1"]
[WhiteElo "2536"]
[BlackElo "2707"]
[TimeControl "180+1"]
[EndTime "9:10:12 PST"]
[Termination "arctic_t00 won by checkmate"]

1. e4 e6 2. d4 d5 3. exd5 exd5 4. Bf4 Nf6 5. Nc3 Be7 6. Qd2 O-O 7. O-O-O c6 8. f3 b5 9. Bd3 a5 10. g4 a4 11. Nce2 Na6 12. Ng3 Nb4 13. Kb1 Nxd3 14. Qxd3 Ne8 15. h4 Nd6 16. N1e2 Nc4 17. Nf5 a3 18. Be5 Nxb2 19. Qd2 Bxf5 20. gxf5 Nxd1 21. Rxd1 Bf6 22. Rg1 Re8 23. f4 Kh8 24. Ng3 Bxe5 25. fxe5 Qxh4 26. f6 gxf6 27. Nf5 Qh5 28. Ng7 Rg8 29.
exf6 Qh4 30. Rf1 Ra4 31. c3 Qe4+ 32. Ka1 b4 33. Qh2 bxc3 34. Rh1 c2 35. Qh5 Qxd4# 0-1

[Event "Early-Titled-Tuesday-Blitz-February-13-2024"]
[Site "Chess.com"]
[Date "2024.02.13"]
[Round "6"]
[White "GM_dmitrij"]
[Black "Dyadya81"]
[Result "1-0"]
[WhiteElo "3049"]
[BlackElo "2817"]
[TimeControl "180+1"]
[EndTime "9:10:16 PST"]
[Termination "GM_dmitrij won by resignation"]

1. e4 c5 2. Nf3 Nf6 3. e5 Nd5 4. Nc3 e6 5. Ne4 Nc6 6. Bb5 Qc7 7. Bxc6 Qxc6 8. O-O b6 9. Re1 Bb7 10. c4 Nc7 11. d4 cxd4 12. b3 Na6 13. Nxd4 Qc8 14. Nb5 Bxe4 15. Rxe4 Qc6 16. Rd4 Bc5 17. Nd6+ Bxd6 18.
Rxd6 Qc8 19. Qg4 Kf8 20. Be3 h5 21. Qe4 Rb8 22. Rad1 Rb7 23. h4 Nb8 24. b4 Kg8 25. b5 Rc7 26. R1d4 Qb7 27. Qd3 Qc8 28. Bg5 Qe8 29.
a4 Qf8 30. Bd2 Rc5 31. Qe4 Rc7 32. a5 bxa5 33. Bxa5 Rc8 34. Qb7 Rh6 35. Bc7 Rg6 36.
c5 Rg4 37. Rxg4 hxg4 38. c6 g3 39. fxg3 dxc6 40. bxc6 Qe7 41. Qxc8+ Kh7 42. Qxb8 1-0

[Event "Early-Titled-Tuesday-Blitz-February-13-2024"]
[Site "Chess.com"]
[Date "2024.02.13"]
[Round "6"]
[White "Anton_Demchenko"]
[Black "ValentinDragnev"]
[Result "1-0"]
[WhiteElo "2940"]
[BlackElo "2752"]
[TimeControl "180+1"]
[EndTime "9:10:16 PST"]
[Termination "Anton_Demchenko won by resignation"]

1. e4 c6 2. d4 d5 3. e5 c5 4. Nf3 Nc6 5. dxc5 e6 6. Be3 Nh6 7. c3 Nf5 8. Bd4 Bd7 9. Be2 g5 10. h3 h5 11. Nbd2 Be7 12. Nb3 Qc7 13. Qd2 O-O-O 14.
Nxg5 Bxg5 15. Qxg5 Rdg8 16. Qd2 Rxg2 17. O-O-O Ncxd4 18. cxd4 Rxf2 19. Rdf1 Rg2 20. Rhg1 Rhg8 21. Rxg2 Rxg2 22.
Qd3 a6 23. Qf3 Rg3 24. Qxh5 Kb8 25. Qxf7 Rxb3 26. axb3 Nxd4 27. Qf8+ Ka7 28. Bd1 Qxe5 29. Qf4 Ne2+ 30. Bxe2 Qxe2 31. Qf2 Qd3 32. Rd1 Qxb3 33. c6+ Qb6 34. Qxb6+ Kxb6 35. cxd7 1-0

[Event "Early-Titled-Tuesday-Blitz-February-13-2024"]
[Site "Chess.com"]
[Date "2024.02.13"]
[Round "6"]
[White "lilleper1"]
[Black "CSB7"]
[Result "1/2-1/2"]
[WhiteElo "2977"]
[BlackElo "2772"]
[TimeControl "180+1"]
[EndTime "9:10:17 PST"]
[Termination "Game drawn by repetition"]

1. e4 c6 2. d4 d5 3. e5 Bf5 4. Nd2 e6 5. Nb3 c5 6. dxc5 Bxc5 7. Nxc5 Qa5+ 8. c3 Qxc5 9. Nf3 Ne7 10. Nd4 Nbc6 11. Be3 Nxd4 12. Bxd4 Qc7 13. f4 O-O 14. Be2 Be4 15. O-O Rfd8 16. a4 Nc6 17. Bf2 a5 18. Rc1 Kh8 19. Qe1 f6 20. exf6 gxf6 21. Bh4 Qf7 22. Bf3 Bxf3 23. Rxf3 Rg8 24. Qe2 Rg4 25. g3 Rag8 26. Kh1 Ne7 27. h3 R4g6 28. g4 h5 29. f5 exf5 30. gxf5 Rg2 31. Qxg2 Rxg2 32. Kxg2 Nxf5 33. Bf2 Qg6+ 34. Kh2 Nd6 35. Rxf6 Qe4 36. Bd4 Kh7 37. Rg1 Nf5 38. Rf7+ Kh6 39. Rf8 Qf4+ 40. Kh1 Qf3+ 41. Kh2 Qf4+ 42. Kh1 Qf3+ 43. Kh2 Qf4+ 1/2-1/2

[Event "Early-Titled-Tuesday-Blitz-February-13-2024"]
[Site "Chess.com"]
[Date "2024.02.13"]
[Round "6"]
[White "blitzking1729"]
[Black "Manukyan_Artak"]
[Result "1-0"]
[WhiteElo "2720"]
[BlackElo "2539"]
[TimeControl "180+1"]
[EndTime "9:10:17 PST"]
[Termination "blitzking1729 won by resignation"]

1. d4 d5 2. g3 Bg4 3. Bg2 Nf6 4.
Nf3 e6 5. O-O Nbd7 6. c4 c6 7.
cxd5 exd5 8. Nc3 Bd6 9. Bf4 Bxf4 10. gxf4 O-O 11. Ne5 Bf5 12. e3 Ne4 13. Nxe4 Bxe4 14. Bxe4 dxe4 15. Kh1 Nxe5 16. dxe5 Qxd1 17. Rfxd1 Rfd8 18. Kg2 g6 19. Kg3 Kf8 20. f5 gxf5 21. Kf4 Ke7 22.
Kxf5 Rg8 23. Rg1 Rxg1 24. Rxg1 Rd8 25. Kxe4 Rd2 26. f4 Rxb2 27. h4 Rxa2 28. Rg7 a5 29. Rxh7 a4 30. Kf5 Rd2 31. Rh8 a3 32. Ra8 a2 33. h5 Rh2 34. h6 Rxh6 35. Rxa2 Rh7 36. Ra7 Kf8 37. Rxb7 Rh1 38. Rc7 Rh6 39. Ke4 Kg8 40.
Kd4 Kf8 41. f5 Rh4+ 42. e4 Rh1 43. Rxc6 Rd1+ 44. Ke3 Ke7 45. Rc7+ Ke8 46. Kf4 Rg1 47. e6 fxe6 48. f6 Kf8 49. Re7 Rg2 50. Ke5 Re2 51.
Rxe6 Kf7 52. Re7+ Kf8 53. Ra7 Re1 54. Kf5 Rf1+ 55. Ke6 Kg8 56. Ra8+ 1-0

[Event "Early-Titled-Tuesday-Blitz-February-13-2024"]
[Site "Chess.com"]
[Date "2024.02.13"]
[Round "6"]
[White "djano"]
[Black "amanjazu"]
[Result "1-0"]
[WhiteElo "2664"]
[BlackElo "2515"]
[TimeControl "180+1"]
[EndTime "9:10:17 PST"]
[Termination "djano won by resignation"]

1. e4 Nf6 2. e5 Nd5 3. d4 d6 4. Nf3 g6 5. exd6 cxd6 6. c4 Nb6 7. a4 a5 8. Be2 Bg7 9. O-O O-O 10. h3 Nc6 11. Nc3 Bf5 12. Be3 Rc8 13. Qb3 Nb4 14. Rac1 d5 15. c5 Nc4 16. Rfd1 Nxe3 17. fxe3 Bh6 18.
Kf2 Rc6 19. Na2 Re6 20. Rc3 Nc2 21. g4 Bxe3+ 22. Kf1 Be4 23. Rxc2 Bxc2 24. Qxc2 f5 25. g5 Re4 26. Nc3 e6 27. Kg2 Qe7 28. Rf1 Bxg5 29.
Nxe4 fxe4 30. Ne5 Rxf1 31. Bxf1 Qf6 32. Qf2 Bf4 33. Ng4 Qg5 34. Kh1 h5 35. Nh2 e3 36.
Qg2 Qg3 37. Qxg3 Bxg3 38. Kg2 Bf2 39. Nf3 Kf7 40. Ne5+ Kf6 41. c6 bxc6 42. Nxc6 Kf5 43. Bd3+ Kg5 44. b4 axb4 45. Nxb4 Kf6 46. Nc6 Be1 47. a5 Kf7 48. a6 1-0

[Event "Early-Titled-Tuesday-Blitz-February-13-2024"]
[Site "Chess.com"]
[Date "2024.02.13"]
[Round "6"]
[White "ChessSwole"]
[Black "guillembaches"]
[Result "1-0"]
[WhiteElo "2676"]
[BlackElo "2560"]
[TimeControl "180+1"]
[EndTime "9:10:17 PST"]
[Termination "ChessSwole won on time"]

1. d4 d5 2. Nf3 Nf6 3. c4 e6 4.
Nc3 a6 5. cxd5 exd5 6. Bf4 c5 7. e3 c4 8. Be2 b5 9. O-O Be7 10. Ne5 O-O 11. b3 Qa5 12. Qc2 Bb4 13. Nb1 Bb7 14.
a3 Be7 15. Bf3 Nc6 16. bxc4 bxc4 17. Nc3 Rac8 18. Rfb1 Ba8 19. Nxd5 Nxd5 20. Nxc4 Qc3 21. Qxc3 Nxc3 22. Nb6 Nxb1 23. Nxc8 Rxc8 24. Rxb1 Bxa3 25. Ra1 Nb4 26. Bxa8 Rxa8 27. Rxa3 a5 28. Bd6 Nc6 29. d5 Nd8 30. Bc7 Nb7 31. d6 Kf8 32. Ra4 Ke8 33.
e4 Kd7 34. e5 g5 35. g3 h6 36.
f4 Ra6 37. f5 Nc5 38. Rxa5 Rxa5 39. Bxa5 Nd3 40. Bc3 f6 41. e6+ Kxd6 42. Bxf6 1-0

[Event "Early-Titled-Tuesday-Blitz-February-13-2024"]
[Site "Chess.com"]
[Date "2024.02.13"]
[Round "6"]
[White "isaak2009"]
[Black "Alexander_Donchenko"]
[Result "0-1"]
[WhiteElo "2684"]
[BlackElo "2924"]
[TimeControl "180+1"]
[EndTime "9:10:18 PST"]
[Termination "Alexander_Donchenko won by resignation"]

1. e4 c6 2. d4 d5 3. e5 Bf5 4. Nc3 e6 5. g4 Bg6 6. Nge2 c5 7. h4 h5 8. Nf4 Bh7 9. Nxh5 Nc6 10. dxc5 Bxc5 11.
Bg5 Qb6 12. Bb5 a6 13. Bxc6+ bxc6 14. Qf3 Bf8 15. O-O-O Rb8 16. b3 Ne7 17. Rhe1 Qa5 18. Na4 Nc8 19. Bd2 Qd8 20. Bc3 Bg6 21. Bd4 Bxh5 22.
gxh5 Qxh4 23. Nc5 Qxh5 24. Qxh5 Rxh5 25. Nxa6 Rb7 26. Nc5 Rb4 27. c3 Rb8 28. Kc2 Ne7 29. Rh1 Rh6 30. Rxh6 gxh6 31. Na6 Rb7 32. Nc5 Rb8 33. Na6 Rc8 34. Bc5 Ng6 35. Bxf8 Kxf8 36. Re1 Ke7 37. Nc5 h5 38. a4 h4 39. a5 h3 40. a6 Ra8 41. Rh1 Nxe5 42. Rxh3 Nd7 43.
Nxd7 Kxd7 44. Rh7 Ke7 45. b4 Rxa6 46. Kd3 Ra2 47. Rh2 Kd6 48. Rg2 Rb2 49. Rg3 Rxf2 0-1

[Event "Early-Titled-Tuesday-Blitz-February-13-2024"]
[Site "Chess.com"]
[Date "2024.02.13"]
[Round "6"]
[White "Perecke"]
[Black "Agibileg"]
[Result "0-1"]
[WhiteElo "2542"]
[BlackElo "2729"]
[TimeControl "180+1"]
[EndTime "9:10:18 PST"]
[Termination "Agibileg won by resignation"]

1. e4 e5 2. Nf3 Nc6 3. Bb5 a6 4.
Ba4 Nf6 5. O-O d6 6. d4 Bd7 7. c3 g6 8. Bxc6 Bxc6 9. dxe5 Nxe4 10. Re1 Bg7 11. exd6 O-O 12. dxc7 Qxc7 13. Be3 Rab8 14.
Qc1 Rfe8 15. Na3 Nd6 16. Nd4 Bd5 17. Bf4 Qd7 18. Nac2 Rxe1+ 19. Qxe1 Re8 20. Qd1 Nc4 21. b3 Ne5 22. Ne3 Be4 23. Bg3 b5 24. a4 b4 25.
cxb4 Nd3 26. Ndc2 Bxa1 27. Qxa1 Ba8 28. f3 Nxb4 29. Nxb4 Rxe3 30. Qc1 Rxb3 31. Nxa6 Rd3 32. Qc5 Rd1+ 33. Be1 Rxe1+ 34. Kf2 Re8 35. Nb4 Qd2+ 36. Kg3 h5 37. h4 Rd8 38. a5 Qd6+ 39. Qxd6 Rxd6 40.
Nc2 0-1

[Event "Early-Titled-Tuesday-Blitz-February-13-2024"]
[Site "Chess.com"]
[Date "2024.02.13"]
[Round "6"]
[White "KanalSzachowy"]
[Black "profedechess93"]
[Result "0-1"]
[WhiteElo "2410"]
[BlackElo "2630"]
[TimeControl "180+1"]
[EndTime "9:10:18 PST"]
[Termination "profedechess93 won by checkmate"]

1. e4 e6 2. d4 d5 3. Nc3 Nf6 4.
e5 Nfd7 5. f4 c5 6. Nf3 Nc6 7. Be3 a6 8. a3 b5 9. Bd3 Qb6 10. O-O cxd4 11. Bf2 Bc5 12. Na2 b4 13. axb4 Nxb4 14. Nxb4 Qxb4 15. f5 exf5 16. Bxf5 Nf8 17. c3 Qxb2 18. Qa4+ Bd7 19. Bxd7+ Nxd7 20. Qc6 Rd8 21. cxd4 Be7 22. Qxd5 O-O 23. Qe4 h6 24. Rxa6 Rfe8 25. Qf4 Qb3 26. Raa1 Nf8 27. Rab1 Qd5 28.
Rbd1 Ne6 29. Qg3 Rc8 30. Nh4 Rc2 31. Nf5 Bg5 32. h4 Bf4 33. Qg4 Kh7 34. g3 Bd2 35. Be3 Bb4 36. Nd6 Qg2# 0-1

[Event "Early-Titled-Tuesday-Blitz-February-13-2024"]
[Site "Chess.com"]
[Date "2024.02.13"]
[Round "6"]
[White "gpsji27"]
[Black "SergioMoralesG"]
[Result "0-1"]
[WhiteElo "2310"]
[BlackElo "2493"]
[TimeControl "180+1"]
[EndTime "9:10:19 PST"]
[Termination "SergioMoralesG won by resignation"]

1. d4 d5 2. Nf3 Nf6 3. Bg5 Ne4 4. Bh4 c5 5. e3 Nc6 6. Nbd2 Qb6 7. c3 Bf5 8. Qb3 c4 9. Qxb6 axb6 10. Nxe4 Bxe4 11. Nd2 Bg6 12. e4 e6 13. Be2 b5 14. exd5 exd5 15. Bf3 Be7 16. Bg3 Rd8 17. O-O O-O 18. Rfe1 Rd7 19.
b3 Ra8 20. a4 cxb3 21. axb5 Rxa1 22. Rxa1 b2 23. Re1 Na5 24. Bd1 b1=Q 25. Nxb1 Bxb1 26. Bg4 f5 27. Bf3 Be4 28. Ra1 Bxf3 29. gxf3 Nc4 30. Ra8+ Kf7 31. Rb8 g5 32. Be5 Nxe5 33. dxe5 Ke6 34.
Rh8 Bc5 35. Re8+ Re7 36. Rc8 b6 37. Rg8 h6 38. Rg6+ Kxe5 39. Rxh6 Kf4 40. Rd6 0-1

[Event "Early-Titled-Tuesday-Blitz-February-13-2024"]
[Site "Chess.com"]
[Date "2024.02.13"]
[Round "6"]
[White "GaiozNigalidze"]
[Black "Levanzovsky"]
[Result "0-1"]
[WhiteElo "2676"]
[BlackElo "2520"]
[TimeControl "180+1"]
[EndTime "9:10:20 PST"]
[Termination "Levanzovsky won by resignation"]

1. e4 c5 2. Nf3 d6 3. d4 cxd4 4. Nxd4 Nf6 5. Nc3 e6 6. g4 Nfd7 7. g5 a6 8. a4 Nc6 9. h4 Nde5 10. Nxc6 Nxc6 11. h5 Be7 12. Rg1 O-O 13. Be3 Nb4 14. g6 fxg6 15. hxg6 h6 16. Bc4 d5 17. exd5 exd5 18. Nxd5 Be6 19. Nxe7+ Qxe7 20. Qg4 Nxc2+ 21. Ke2 Rae8 22. Rac1 Nxe3 23. Qxe6+ Qxe6 24. Bxe6+ Rxe6 25. fxe3 Ref6 26. Rg2 Rb6 27. Ke1 Re8 28. Rc3 Rc6 29. Rxc6 bxc6 30. Kd2 Re6 31. Kd3 Kf8 32. Kd4 Ke7 33.
e4 Kd6 34. b4 Re5 35. Rf2 Rg5 36. Rf8 Rxg6 37. Ra8 Kc7 38. Rxa6 c5+ 39. Kxc5 Rxa6 40. a5 h5 0-1

[Event "Early-Titled-Tuesday-Blitz-February-13-2024"]
[Site "Chess.com"]
[Date "2024.02.13"]
[Round "6"]
[White "Goryachkina"]
[Black "ChainedDowntohell"]
[Result "1/2-1/2"]
[WhiteElo "2697"]
[BlackElo "2543"]
[TimeControl "180+1"]
[EndTime "9:10:22 PST"]
[Termination "Game drawn by repetition"]

1. e4 e6 2. d4 a6 3. Nf3 d5 4.
Nbd2 c5 5. exd5 exd5 6. Be2 Nc6 7. O-O Nf6 8. Re1 Be6 9. Bf1 h6 10. c4 Be7 11. cxd5 Nxd5 12. dxc5 Bxc5 13. Ne4 Ba7 14. Ng3 O-O 15. Qa4 Ndb4 16. Bd2 b5 17. Qd1 Nd3 18. Bxd3 Qxd3 19. Rc1 Rac8 20. Rc3 Qd5 21. a3 Rfd8 22. Qc1 Nd4 23. Nxd4 Bxd4 24. Rxc8 Rxc8 25. Bc3 Bxc3 26. bxc3 Qc5 27. Ne4 Qb6 28. h3 Rd8 29. Qf4 Qa5 30.
Qe5 Qxa3 31. Re3 Qb3 32. Rg3 g6 33. Nf6+ Kf8 34. Nh7+ Kg8 35. Nf6+ Kf8 36. Nh7+ Kg8 37. Nf6+ 1/2-1/2

[Event "Early-Titled-Tuesday-Blitz-February-13-2024"]
[Site "Chess.com"]
[Date "2024.02.13"]
[Round "6"]
[White "Harry_Rakkel"]
[Black "tantaan"]
[Result "0-1"]
[WhiteElo "2674"]
[BlackElo "2513"]
[TimeControl "180+1"]
[EndTime "9:10:22 PST"]
[Termination "tantaan won by checkmate"]

1. e4 c5 2. Nf3 e6 3. d4 cxd4 4. Nxd4 Nf6 5. Nc3 Nc6 6. Ndb5 Bc5 7. Bf4 O-O 8. Bc7 Qe7 9. Bd6 Bxd6 10. Qxd6 Qd8 11.
O-O-O a6 12. Nd4 Ne7 13. h4 b5 14. h5 h6 15. a3 Ne8 16. Qg3 d6 17. f4 Rb8 18.
Bd3 b4 19. axb4 Rxb4 20. Nde2 Qb6 21. b3 Bd7 22. Rhf1 Nf6 23. e5 dxe5 24. fxe5 Ng4 25. Be4 Ne3 26. Rxd7 Nxf1 27. Qf4 Nc6 28. Qxf1 Nxe5 29.
Rd1 Qe3+ 30. Kb1 Rfb8 31. Qg1 Qg5 32. Qc5 Qf6 33. Ka2 a5 34. Rd4 R4b6 35. Qxa5 Ng4 36. Rc4 e5 37. Kb2 Ne3 38. Rc5 Qd6 39. Rxe5 Nc4+ 40.
Kc1 Qd2+ 41. Kb1 Nxa5 42. Rxa5 Rxb3+ 43. Ka2 Rb2+ 44. Ka3 Qd6+ 45. Ka4 Qb4# 0-1

[Event "Early-Titled-Tuesday-Blitz-February-13-2024"]
[Site "Chess.com"]
[Date "2024.02.13"]
[Round "6"]
[White "Attacks_Hurricane"]
[Black "DrCeltic"]
[Result "1-0"]
[WhiteElo "2344"]
[BlackElo "2554"]
[TimeControl "180+1"]
[EndTime "9:10:22 PST"]
[Termination "Attacks_Hurricane won by resignation"]

1. e4 c5 2. Nf3 e6 3. d4 cxd4 4. Bg5 Nf6 5. Qxd4 Nc6 6. Qe3 Qa5+ 7. Nc3 Bb4 8. Bxf6 gxf6 9. O-O-O Bxc3 10. Qxc3 Qxc3 11.
bxc3 b6 12. Nd4 Ke7 13. Nb5 Ba6 14. Nc7 Bxf1 15. Nxa8 Bxg2 16. Rhg1 Bf3 17. Rd3 Bxe4 18. Re3 f5 19. Nc7 a6 20. f3 Kd6 21. fxe4 Kxc7 22. exf5 Ne7 23. fxe6 fxe6 24. Rh3 Nf5 25. Rg5 h6 26.
Rg6 Kd6 27. Rd3+ Ke7 28. Rg4 Rc8 29. Ra4 a5 30. Re4 h5 31. Rf3 Kf6 32. Rh3 h4 33. Rf3 Rg8 34. Rxh4 Rg1+ 35. Kb2 Kg5 36. Rh8 Rh1 37.
Rg8+ Kf6 38. h3 Ke5 39. c4 Kd4 40. Rg4+ Kc5 41. Rd3 d6 42. Re4 e5 43. Rg4 Rh2 44. Rd5+ Kc6 45. Rg6 Rxh3 46. Rxe5 Rf3 47. Rd5 Rf4 48. Rf6 Rxc4 49. Rdxf5 Rb4+ 50. Kc1 Rd4 51. Rf3 b5 52. Rc3+ Kb6 53. Rd3 1-0

[Event "Early-Titled-Tuesday-Blitz-February-13-2024"]
[Site "Chess.com"]
[Date "2024.02.13"]
[Round "6"]
[White "Witik"]
[Black "JERO-8914"]
[Result "1-0"]
[WhiteElo "2690"]
[BlackElo "2434"]
[TimeControl "180+1"]
[EndTime "9:10:22 PST"]
[Termination "Witik won by checkmate"]

1. e4 c6 2. d4 d5 3. exd5 cxd5 4.
Bd3 Nc6 5. c3 e6 6. Bf4 Bd6 7.
Bxd6 Qxd6 8. Nf3 Nge7 9. O-O f6 10. c4 O-O 11. Nc3 Bd7 12. a3 Rac8 13. c5 Qb8 14. Nb5 e5 15. dxe5 fxe5 16. Bb1 e4 17. Nd2 Ne5 18.
Nd4 Ng4 19. g3 Rxc5 20. Ba2 Qe5 21. Nxe4 Qxe4 22. Re1 Qg6 23. Rxe7 Qf6 24. Re2 Nxf2 25. Qd2 Ne4 26. Rxe4 Kh8 27. Rf4 Qe7 28. Re1 Qd8 29.
Rxf8+ Qxf8 30. Qf4 Qxf4 31. gxf4 Kg8 32. Re7 Bc6 33.
Rxg7+ Kh8 34. Rc7 Rc1+ 35. Kf2 Ra1 36. Bb3 Rb1 37. Ke3 Rxb2 38. Bd1 Rxh2 39. Nf5 Rh3+ 40. Kd4 h5 41. Ke5 Rxa3 42. Kf6 Rc3 43. Bxh5 a5 44. Rc8+ Kh7 45. Bg6# 1-0